 Dungeon Crawl Stone Soup version 0.27-a0-512-g57cc695410 (webtiles) character file.

Game seed: 10297240685781753392

113 dickylongcocking the Caller (level 4, 0/33 HPs)
             Began as a Demigod Summoner on Mar 4, 2021.
             Succumbed to a goblin's poison
             ... on level 3 of the Dungeon.
             The game lasted 00:02:58 (2789 turns).

dickylongcocking the Caller (Demigod Summoner)      Turns: 2789, Time: 00:02:59

Health: 0/33       AC:  4    Str:  9    XL:     4   Next: 39%
Magic:  2/11       EV: 13    Int: 21    God:
Gold:   115        SH:  0    Dex: 20    Spells: 3/9 levels left

rFire    . . .     SeeInvis .   l - +2 short sword (protect)
rCold    . . .     Faith    .   (no shield)
rNeg     . . .     Spirit   .   a - +0 robe
rPois    .         Reflect  .   (no helmet)
rElec    .         Harm     .   (no cloak)
rCorr    .         Rampage  .   n - +0 pair of gloves
Will     .....                  i - +0 pair of boots
Stlth    ++........             (no amulet)
HPRegen  0.11/turn              p - +6 ring of dexterity
MPRegen  0.12/turn              (no ring)

@: mighty, lethally poisoned (0 -> -2), flying
A: high mp 1, forlorn
a: no special abilities


You were on level 3 of the Dungeon.
You visited 1 branch of the dungeon, and saw 3 of its levels.

You collected 115 gold pieces.

Inventory:

Hand Weapons
 e - a +0 club
 f - a +0 short sword
 j - a +0 mace
 l - a +2 short sword of protection (weapon)
Armour
 a - a +0 robe (worn)
 g - a +2 kite shield
 i - a +0 pair of boots (worn)
 n - a +0 pair of gloves (worn)
Jewellery
 k - a ring of ice
 p - a +6 ring of dexterity (left hand)
Scrolls
 h - a scroll of noise {unknown}
 m - a scroll of identify {unknown}
 o - a scroll of magic mapping {unknown}
 q - a scroll of fear {unknown}
Potions
 d - a potion of flight


   Skills:
 - Level 1.7 Dodging
 - Level 1.7 Stealth
 * Level 3.1 Spellcasting
 * Level 4.7 Summonings


You had 3 spell levels left.
You knew the following spells:

 Your Spells              Type           Power        Failure   Level
a - Summon Small Mammal   Summ           92%          1%          1
b - Call Imp              Summ           23%          2%          2
c - Call Canine Familiar  Summ           23%          5%          3

Your spell library contained the following spells:

 Spells                   Type           Power        Failure   Level
 Summon Guardian Golem    Hex/Summ       13%          16%         3
 Summon Ice Beast         Ice/Summ       13%          45%         4
 Summon Lightning Spire   Summ/Air       13%          45%         4


Dungeon Overview and Level Annotations

Branches:
Dungeon (3/15)


Innate Abilities, Weirdness & Mutations

Your attributes grow dramatically as you level up.
You have an increased reservoir of magic. (+10% MP)
You shall have no god before yourself.


Message History

Your hound barely misses something.
Something hits you.
The giant cockroach closely misses your crimson imp.
Your quokka bites something but does no damage.
Your hound misses something.
Your crimson imp blinks!
You feel sick.
Your bat barely misses something.
Something hits you.
* * * LOW HITPOINT WARNING * * *
Your quokka closely misses something.
Your hound bites something.
The giant cockroach barely misses your hound.
Your bat misses something.
Your hound closely misses something.
Your quokka bites something.
You hear some strange, mumbled words.
A magic dart appears from out of thin air!
The magic dart hits you!
* * * LOW HITPOINT WARNING * * *
Your hound bites something.
Reactivating autopickup.
You feel a bit more experienced. The giant cockroach bites your hound.
It was a potion of flight.
You feel very buoyant.
You fly up into the air.
Your hound bites the giant cockroach but does no damage.
The giant cockroach completely misses your hound.
It was a potion of might.
You feel very mighty all of a sudden.
The giant cockroach barely misses your quokka.
Your hound bites the giant cockroach but does no damage.
Your quokka bites the giant cockroach but does no damage.
* * * LOW HITPOINT WARNING * * *
You feel sick.
The giant cockroach barely misses your quokka.
Your hound barely misses the giant cockroach.
Your quokka bites the giant cockroach.
Your hound closely misses the giant cockroach.
The giant cockroach misses your quokka.
Your quokka barely misses the giant cockroach.
Your hound bites the giant cockroach.
The giant cockroach dies!
There is a lethal amount of poison in your body!
You die...

....##...)..(###
#####
#..........
#.).o......
#†)..g.....
###'######...
##..)...# .
##.rrh...#
#..r.5...#
#..@b....#
###.....####
#<#..†..#
#.#.....#
#.#.....#
#.†.....#
#########


You could see a friendly hound (summoned), a friendly crimson imp (summoned), 2
friendly quokkas, a friendly bat (summoned) and a friendly rat (summoned).

Vanquished Creatures
  2 adders
  An ooze (D:2)
  2 leopard geckos
  2 bats
  3 giant cockroaches
  A goblin (D:2)
  A jackal (D:1)
  2 kobolds (D:2)
  A ball python (D:1)
  4 frilled lizards (D:2)
  4 rats
23 creatures vanquished.

Vanquished Creatures (collateral kills)
  A hound (D:2)
  An orc wizard (D:3)
  An adder (D:3)
  An ooze (D:1)
  A worm (D:2)
  A dart slug (D:1)
  A leopard gecko (D:1)
  3 orcs (D:3)
  3 giant cockroaches
  7 goblins
  3 hobgoblins
  2 jackals (D:1)
  A quokka (D:2)
  A ball python (D:1)
  4 bats (D:1)
  4 kobolds
  A rat (D:1)
36 creatures vanquished.

Grand Total: 59 creatures vanquished

Notes
Turn   | Place    | Note
-------+----------+-------------------------------------------
     0 | D:1      | dickylongcocking the Demigod Summoner began the quest for
                  | the Orb.
     0 | D:1      | Reached XP level 1. HP: 14/14 MP: 5/5
   696 | D:1      | Reached XP level 2. HP: 12/20 MP: 7/7
   833 | D:1      | Learned a level 2 spell: Call Imp
   875 | D:1      | Reached skill level 4 in Summonings
  1653 | D:2      | Reached XP level 3. HP: 26/26 MP: 6/9
  1868 | D:2      | Found a shimmering altar of Xom.
  2431 | D:2      | Learned a level 3 spell: Call Canine Familiar
  2722 | D:3      | Reached XP level 4. HP: 33/33 MP: 8/11
  2782 | D:3      | HP: 1/33 [something/magic dart (8)]
  2789 | D:3      | Succumbed to a goblin's poison

Illustrated notes

Levels and vault maps discovered:
D:1:      eino_arrival_water_cross, layout_basic
D:2:      layout_loops_ring, brannock_xom_greatest_gift
D:3:      lemuel_upstairs_altar, layout_basic, grunt_ministairs_8

Skill      XL: |  1  2  3  4 |
---------------+-------------+-----
Spellcasting   | 2 3 |  3.1
Summonings     | 4 |  4.7
Dodging        | |  1.7
Stealth        | |  1.7

Action                   |  1- 3 |  4- 6 || total
-------------------------+-------+-------++-------
Melee: Short sword       |    60 |     2 ||    62
       Club              |     8 |       ||     8
       Unarmed           |     2 |       ||     2
       Mace              |    32 |       ||    32
 Cast: Summon Small Mamm |    30 |     5 ||    35
       Call Imp          |    17 |     2 ||    19
       Call Canine Famil |     4 |     1 ||     5
  Use: Scroll            |     2 |       ||     2
       Potion            |       |     2 ||     2
 Stab: Sleeping          |     3 |       ||     3
Armor: Robe              |    34 |       ||    34
Dodge: Dodged            |    93 |     9 ||   102

Table legend: (Time is in decaauts)
 A = Elapsed time spent in this place.
 B = Non-inter-level travel time spent in this place.
 C = Inter-level travel time spent in this place.
 D = Time resting spent in this place.
 E = Time spent auto-exploring this place.
 F = Levels seen in this place.
 G = Mean time per level.
                   A        B        C        D        E       F      G
               +--------+--------+--------+--------+--------+-----+--------+
         Total |   2808 |   2776 |     32 |     21 |   2209 |   3 |  936.0 |
       Dungeon |   2808 |   2776 |     32 |     21 |   2209 |   3 |  936.0 |
               +--------+--------+--------+--------+--------+-----+--------+

Top non-repeatable levels by time:
     D:1: 1520 daAuts
     D:2: 1176 daAuts
     D:3: 111 daAuts
